 Dungeon Crawl Stone Soup version 0.25.1-1-g288607f5aa (webtiles) character file.

Game seed: 6763474365001792035

1658 Curus the Basher (level 8, 70/70 HPs)
             Began as a Minotaur Abyssal Knight on July 27, 2020.
             Was an Elder of Lugonu.
             Quit the game on level 6 of the Dungeon.
             The game lasted 00:25:07 (6050 turns).

Curus the Basher (Minotaur Abyssal Knight)          Turns: 6050, Time: 00:25:08

Health: 70/70      AC:  2    Str: 18    XL:     8   Next: 68%
Magic:  13/13      EV: 15    Int:  9    God:    Lugonu [****..]
Gold:   245        SH:  0    Dex: 11    Spells: 7/7 levels left

rFire    . . .     SeeInvis .   o - +2 flail (drain)
rCold    . . .     Gourm    .   (no shield)
rNeg     . . .     Faith    .   b - +0 leather armour
rPois    +         Spirit   .   (helmet restricted)
rElec    .         Reflect  .   d - +0 cloak
rCorr    .         Harm     .   (no gloves)
MR       .....                  (no boots)
Stlth    +.........             (no amulet)
HPRegen  0.21/turn              e - +4 ring of evasion
MPRegen  0.13/turn              q - ring of poison resistance

@: no status effects
A: retaliatory headbutt, horns 2, deformed body, robust 1
a: Depart the Abyss, Bend Space, Banish, Corrupt, Renounce Religion


You were on level 6 of the Dungeon.
You worshipped Lugonu.
Lugonu was greatly pleased with you.
You were not hungry.

You visited 1 branch of the dungeon, and saw 6 of its levels.
You visited the Abyss 1 time.

You collected 245 gold pieces.

Inventory:

Hand Weapons
 a - a +3 mace
 k - a +0 flail
 o - a +2 flail of draining (weapon)
Armour
 b - a +0 leather armour (worn)
 d - a +0 cloak (worn)
 f - a +0 scale mail
 m - a +0 chain mail
 y - a +0 plate armour
Jewellery
 e - a +4 ring of evasion (left hand)
 n - an uncursed ring of flight
 q - a ring of poison resistance (right hand)
Wands
 r - a wand of flame (26)
Scrolls
 g - 6 scrolls of remove curse
 h - 4 scrolls of identify
 l - 2 scrolls of magic mapping
 p - 2 scrolls of fog
 t - 2 scrolls of blinking
 x - a scroll of teleportation
 z - a scroll of enchant weapon
 A - a scroll of fear
Potions
 i - a potion of haste
 j - a potion of ambrosia
 s - a potion of heal wounds
 u - a potion of curing
 w - a potion of flight
Comestibles
 c - 6 rations
 v - 2 chunks of flesh


   Skills:
 - Level 3.6 Fighting
 + Level 9.7 Maces & Flails
 - Level 2.4 Armour
 - Level 1.1 Dodging
 + Level 8.0 Invocations


You had 7 spell levels left.
You didn't know any spells.
Your spell library was empty.

Dungeon Overview and Level Annotations

Branches:
Dungeon (6/15)             Temple (0/1) D:6

Altars:
Dithmenos
Nemelex Xobeh
Trog


Innate Abilities, Weirdness & Mutations

You reflexively headbutt those who attack you in melee.
You have a pair of horns on your head.
Armour fits poorly on your strangely shaped body.
You are robust. (+10% HP)


Message History

The worker ant is almost dead.
The worker ant closely misses you.
You hit the worker ant.
You kill the worker ant!
Lugonu accepts your kill.
You hear the rapid hiss of a distant avalanche of sand.
The hiss of flowing sand is almost imperceptible now.
The walls and floor vibrate strangely for a moment.
You butcher the worker ant corpse.
v - 6 chunks of flesh (gained 2)
Found 14 arrows.
You see here 14 arrows.
Some of the chunks of flesh in your inventory have rotted away.
You open the door.
There is an open door here.
You open the door.
Found a stone staircase leading down.
Are you sure you want to abandon this character and quit the game? (Confirm with "yes".)
Okay, then.
Are you sure you want to abandon this character and quit the game? (Confirm with "yes".)

...###.........8.8.8....#.'...+..
...##..#.....#..........#.#...#..
......###...####..........##+##.#
......# #..## ##...(............#
.....## #### ##..........#...####
.....## ##.............###
......## #.............##
...##..######.....####...##
..#####..#>.##..@##.<#...# .##
##.#...#...#...#...# ##
####.'#...#..##..##
#.###.....###...#
#....(.........##
#......⌠.......# #.............##
#####.....###.# ..#...#+ ##.#


There were no monsters in sight!

Vanquished Creatures
  A hungry ghost (D:4)
  A phantom (D:5)
  A sky beast (D:5)
  3 ogres (D:5)
  A centaur (D:5)
  Blork the orc (D:4)
  A bullfrog (D:6)
  2 scorpions
  A crimson imp (D:5)
  3 orc priests
  A hound (D:6)
  An iguana (D:4)
  6 orc wizards
  5 worker ants
  A hound skeleton (D:5)
  A worker ant zombie (D:5)
  Robin (D:4)
  A howler monkey zombie (D:6)
  10 adders
  3 shadow imps
  An ooze (D:2)
  3 dart slugs
  4 leopard geckos
  25 orcs
  6 giant cockroaches
  15 goblins
  9 hobgoblins
  15 jackals
  3 quokkas
  3 ball pythons
  11 bats
  5 frilled lizards
  A giant cockroach zombie (D:5)
  14 kobolds
  14 rats
174 creatures vanquished.

Vanquished Creatures (others)
  A wizard (D:3)
1 creature vanquished.

Grand Total: 175 creatures vanquished

Notes
Turn   | Place    | Note
-------+----------+-------------------------------------------
     0 | Abyss:1  | Curus the Minotaur Abyssal Knight began the quest for the
                  | Orb.
     0 | Abyss:1  | Reached XP level 1. HP: 19/19 MP: 1/1
    84 | Abyss:1  | Noticed a dire elephant skeleton
   108 | Abyss:1  | Noticed a smoke demon
   109 | D:1      | Escaped the Abyss
   239 | D:1      | Reached * piety under Lugonu
   239 | D:1      | Reached XP level 2. HP: 26/26 MP: 2/2
   248 | D:1      | Reached skill level 3 in Maces & Flails
   365 | D:1      | Gained mutation: Your body sometimes deteriorates upon
                  | taking damage. [potion of mutation]
   365 | D:1      | Gained mutation: You occasionally shout uncontrollably at
                  | your foes. [potion of mutation]
   365 | D:1      | Gained mutation: You have a pair of large horns on your
                  | head. [potion of mutation]
   495 | D:1      | Reached XP level 3. HP: 31/31 MP: 2/4
   650 | D:1      | Found a shadowy altar of Dithmenos.
   951 | D:2      | Reached skill level 4 in Maces & Flails
  1031 | D:2      | Reached XP level 4. HP: 39/39 MP: 5/5
  1080 | D:2      | Found a sparkling altar of Nemelex Xobeh.
  1129 | D:2      | Reached ** piety under Lugonu
  1954 | D:3      | Reached XP level 5. HP: 45/45 MP: 6/6
  1962 | D:3      | Reached skill level 5 in Maces & Flails
  2369 | D:3      | Reached *** piety under Lugonu
  2463 | D:3      | Found a bloodstained altar of Trog.
  2464 | D:3      | Noticed a wizard
  2469 | D:3      | Killed a wizard
  2611 | D:3      | Reached XP level 6. HP: 51/51 MP: 8/8
  2695 | D:4      | Reached skill level 6 in Maces & Flails
  2697 | D:4      | Reached skill level 5 in Invocations
  3283 | D:4      | Reached XP level 7. HP: 47/57 MP: 8/10
  3290 | D:4      | Noticed Blork the orc
  3299 | D:4      | Killed Blork the orc
  3299 | D:4      | Reached skill level 7 in Maces & Flails
  3345 | D:4      | Noticed Robin
  3348 | D:4      | Killed Robin
  3822 | D:4      | Noticed a hungry ghost
  3830 | D:4      | Killed a hungry ghost
  3845 | D:5      | Entered Level 5 of the Dungeon
  4262 | D:5      | Reached skill level 8 in Maces & Flails
  4351 | D:5      | Reached XP level 8. HP: 48/64 MP: 10/12
  4825 | D:5      | Reached skill level 9 in Maces & Flails
  5281 | D:5      | Lost mutation: You occasionally shout uncontrollably at
                  | your foes. [potion of mutation]
  5281 | D:5      | Lost mutation: You have a pair of large horns on your head.
                  | [potion of mutation]
  5281 | D:5      | Lost mutation: Your body sometimes deteriorates upon taking
                  | damage. [potion of mutation]
  5281 | D:5      | Gained mutation: Armour fits poorly on your strangely
                  | shaped body. [potion of mutation]
  5281 | D:5      | Gained mutation: You are robust. (+10% HP) [potion of
                  | mutation]
  5295 | D:6      | Reached **** piety under Lugonu
  5525 | D:6      | Found a staircase to the Ecumenical Temple.
  6050 | D:6      | Quit the game

Illustrated notes

Levels and vault maps discovered:
D:1:      dpeg_arrival_water_altar, layout_rooms
D:2:      minmay_inner_zag, layout_loops_ring, nemelex_xobeh_ov_fountains_minmay
D:3:      layout_rooms, first_ration, grunt_decor_resistance, trog_wizard
D:4:      layout_loops_ring, uniq_blork_the_orc, uniq_robin
D:5:      layout_basic, kennysheep_generic_room_9
D:6:      layout_cave_pods, minmay_temple_entry_drinking_statues,
          enter_ossuary_2, grunt_ministairs_6

Skill      XL: |  1  2  3  4  5  6  7  8 |
---------------+-------------------------+-----
Invocations    | 2 3 4 5 6 8 |  8.0
Maces & Flails | 3 4 5 6 8 9 |  9.7
Fighting       | |  3.6
Armour         | |  2.4
Dodging        | |  1.1

Action                   |  1- 3 |  4- 6 |  7- 9 || total
-------------------------+-------+-------+-------++-------
Melee: Mace              |    96 |   171 |       ||   267
       Headbutt          |     5 |    20 |    24 ||    49
       Flail             |       |    26 |   145 ||   171
Invok: Depart the Abyss  |     1 |       |       ||     1
Evoke: Wand              |       |       |     1 ||     1
  Use: Potion            |     5 |     6 |     2 ||    13
       Scroll            |     5 |     3 |     3 ||    11
  Eat: Chunk             |     1 |     7 |     5 ||    13
       Ration            |       |       |     1 ||     1
Armor: Scale mail        |    36 |    83 |     4 ||   123
       Chain mail        |       |       |    21 ||    21
       Leather armour    |       |       |     2 ||     2
Dodge: Dodged            |    75 |   143 |    58 ||   276
